 Dungeon Crawl Stone Soup version 0.29-a0-962-gc8bbfd0a37 (webtiles) character file.

Game seed: 15731947081089454935

7 freelancePsychic the Firebug (level 2, -2/20 HPs)
             Began as a Formicid Fire Elementalist on July 31, 2022.
             Slain by a jackal (3 damage)
             ... on level 1 of the Dungeon.
             The game lasted 00:01:09 (255 turns).

freelancePsychic the Firebug (FoFE)                  Turns: 255, Time: 00:01:10

Health: -2/20      AC:  2    Str: 12    XL:     2   Next: 5%
Magic:  2/5        EV: 12    Int: 14    God:
Gold:   28         SH:  0    Dex: 14    Spells: 4/5 levels left

rFire   . . .      SeeInvis +   (no weapon)
rCold   . . .      Faith    .   (no shield)
rNeg    . . .      Spirit   .   a - +0 robe
rPois   .          Reflect  .   (helmet unavailable)
rElec   .          Harm     .   (no cloak)
rCorr   .          Rampage  .   (no gloves)
Will    .....                   (no boots)
Stlth   ++........              (no amulet)
HPRegen 0.06/turn               (no ring)
MPRegen 0.09/turn               (no ring)

@: no status effects
A: permanent stasis, dig shafts and tunnels, antennae 3, four strong arms
a: Dig, Shaft Self


You were on level 1 of the Dungeon.
You visited 1 branch of the dungeon, and saw 1 of its levels.

You collected 28 gold pieces.

Inventory:

Armour
 a - a +0 robe (worn)


   Skills:
 + Level 0.5 Fighting
 - Level 1.7 Dodging
 * Level 2.8 Stealth
 - Level 2.2 Spellcasting
 + Level 1.1 Conjurations
 + Level 3.1 Fire Magic


You had 4 spell levels left.
You knew the following spells:

 Your Spells              Type           Power      Damage    Failure   Level
a - Foxfire               Conj/Fire      28%        2x1d5     10%         1

Your spell library contained the following spells:

 Spells                   Type           Power      Damage    Failure   Level
 Scorch                   Fire           20%        2d6       10%         2
 Conjure Flame            Conj/Fire      7%         6-21      30%         3
 Inner Flame              Hex/Fire       5%         N/A       36%         3
 Flame Wave               Conj/Fire      7%         2d5       69%         4


Dungeon Overview and Level Annotations

Branches:
Dungeon (1/15)

Altars:

Annotations:
D:1 exclusion: 2 jackals


Innate Abilities, Weirdness & Mutations

You cannot be hasted, slowed, berserked, paralysed or teleported.
You can dig through walls and to a lower floor.
You have a pair of large antennae on your head. (SInv)
Your four strong arms can wield two-handed weapons with a shield.


Message History

You have reached level 2!
Casting: Foxfire (safe; 10% risk of failure)
Confirm with . or Enter, or press ? or * to list all spells.
You conjure some foxfire!
The foxfire hits the jackal.
The jackal is almost dead.
The jackal closely misses you.
You closely miss the jackal.
The jackal is almost dead.
The giant cockroach waves its antennae.
The jackal closely misses you. x2
You hit the jackal but do no damage.
The jackal is almost dead.
The jackal barely misses you. x2
The jackal bites you but does no damage.
The jackal bites you.
You barely miss the jackal.
The jackal is almost dead.
The jackal bites you. x2
You hit the jackal but do no damage.
The jackal is almost dead.
The jackal bites you. The jackal barely misses you.
You completely miss the jackal.
The jackal is almost dead.
The jackal bites you.
* * * LOW HITPOINT WARNING * * *
The jackal misses you. The jackal barely misses you. The jackal bites you.
* * * LOW HITPOINT WARNING * * *
Casting: Foxfire (safe; 10% risk of failure)
Confirm with . or Enter, or press ? or * to list all spells.
There is not enough space to conjure foxfire!
Are you sure you want to shaft yourself?
The jackal bites you but does no damage.
The jackal misses you.
You begin to dig a shaft.
You continue digging a shaft.
The jackal bites you.
* * * LOW HITPOINT WARNING * * *
The jackal misses you. The jackal bites you.
* * * LOW HITPOINT WARNING * * *
The jackal bites you.
You die...

,,* *,,,....>.......###.######
,,* *,,,............# #.# ,,*
*,,,............# #.# ,,*
*,,,............# #.# ***
*,,,............###.########
*,,,,,,,**#B#..............†
****,,,,,,,* #S#...............
*,,,,,,,,,,* #h##.####.#######.
*,,,,,,,,,,* #@h..##......#..#.
*,,,,,,***** ###..##.#.##.#..#.
***,,,,,,* ****#..##.#.##.#..#.
,,,,,,,,,* *,,,#.|.#.#..#.##.#.
,,,,,,,,,*****,,,#.#.#l##.#....#.
,,,,,,,,,,,,,+,,,#.#...##.######.
,,,******,****,,,#.##............
,,,* *,****,,,#.##.###.#######
,,,******,**,,,,,,,,,h.....$.....


You could see 2 jackals, a giant cockroach and a ball python.

Vanquished Creatures
  A bat (D:1)
  2 jackals (D:1)
  2 ball pythons (D:1)
  A frilled lizard (D:1)
6 creatures vanquished.

Vanquished Creatures (others)
  16 foxfires (D:1)
16 creatures vanquished.

Grand Total: 22 creatures vanquished

Notes
Turn   | Place    | Note
-------+----------+-------------------------------------------
     0 | D:1      | freelancePsychic the Formicid Fire Elementalist began the
                  | quest for the Orb.
     0 | D:1      | Reached XP level 1. HP: 13/13 MP: 3/3
   142 | D:1      | Reached skill level 1 in Conjurations
   248 | D:1      | Reached XP level 2. HP: 14/20 MP: 3/5
   255 | D:1      | HP: 1/20 [jackal (1)]
   255 | D:1      | Slain by a jackal

Illustrated notes

Levels and vault maps discovered:
D:1:      dpeg_arrival_windows_large_door, layout_basic

Skill      XL: |  1 |
---------------+----+-----
Conjurations   | 1 |  1.1
Fighting       | |  0.5
Dodging        | |  1.7
Stealth        | |  2.8
Spellcasting   | |  2.2
Fire Magic     | |  3.1

Action                   || total
-------------------------++-------
Melee: Unarmed           ||     8
 Cast: Foxfire           ||    12
 Abil: Shaft Self        ||     1
  Use: Scroll            ||     1
       Potion            ||     1
Armor: Robe              ||     4
Dodge: Dodged            ||    19

Table legend: (Time is in decaauts)
 A = Elapsed time spent in this place.
 B = Non-inter-level travel time spent in this place.
 C = Inter-level travel time spent in this place.
 D = Time resting spent in this place.
 E = Time spent auto-exploring this place.
 F = Levels seen in this place.
 G = Mean time per level.
                   A        B        C        D        E       F      G
               +--------+--------+--------+--------+--------+-----+--------+
         Total |    255 |    255 |      0 |      0 |    195 |   1 |  255.0 |
       Dungeon |    255 |    255 |      0 |      0 |    195 |   1 |  255.0 |
               +--------+--------+--------+--------+--------+-----+--------+

Top non-repeatable levels by time:
     D:1: 255 daAuts
